 Dungeon Crawl Stone Soup version 0.28.0-1-gb440e238dd (webtiles) character file.

Game seed: 8253632103682832636

30 hilljack the Skirmisher (level 3, 0/24 HPs)
             Began as a Gargoyle Berserker on Feb 21, 2022.
             Was a Follower of Trog.
             Slain by Jessica (6 damage)
             ... on level 2 of the Dungeon.
             The game lasted 00:01:11 (627 turns).

hilljack the Skirmisher (Gargoyle Berserker)         Turns: 627, Time: 00:01:13

Health: 0/24       AC:  5    Str: 22    XL:     3   Next: 18%
Magic:  3/3        EV: 12    Int:  7    God:    Trog [*.....]
Gold:   8          SH:  0    Dex:  9    Spells: 2/2 levels left

rFire   . . .      SeeInvis .   a - +0 hand axe
rCold   . . .      Faith    .   (no shield)
rNeg    + . .      Spirit   .   b - +0 animal skin
rPois   ∞          Reflect  .   (no helmet)
rElec   +          Harm     .   (no cloak)
rCorr   .          Rampage  .   (no gloves)
Will    .....                   (no boots)
Stlth   +.........              (no amulet)
HPRegen 0.08/turn               (no ring)
MPRegen 0.08/turn               (no ring)

@: on berserk cooldown, slowed, very slow
A: sickness immunity, AC +3, negative energy resistance 1, electricity
resistance, torment resistance 1, petrification resistance
a: Renounce Religion, Berserk


You were on level 2 of the Dungeon.
You worshipped Trog.
Trog was aware of your devotion.
You visited 1 branch of the dungeon, and saw 2 of its levels.

You collected 8 gold pieces.

Inventory:

Hand Weapons
 a - a +0 hand axe (weapon)
Missiles
 c - 28 bolts
Armour
 b - a +0 animal skin (worn)


   Skills:
 + Level 3.7 Fighting
 + Level 3.0 Axes
 + Level 2.7 Armour
 - Level 1.9 Dodging


You had 2 spell levels left.
You didn't know any spells.
Your spell library was empty.

Dungeon Overview and Level Annotations

Branches:
Dungeon (1/15)

Altars:

Annotations:
D:2 Jessica


Innate Abilities, Weirdness & Mutations

You are immune to sickness and miasma.
Your stone body is resilient. (AC +3)
You are immune to poison.
You resist negative energy. (rN+)
You are resistant to electric shocks. (rElec)
You are resistant to unholy torment.
You are immune to petrification.


Message History

You barely miss the adder.
The adder is heavily wounded.
Jessica points at you and mumbles some strange words.
Pain shoots through your body! The adder barely misses you.
You slash the adder!
You kill the adder!
Trog accepts your kill.
Jessica gestures wildly while chanting.
Jessica blinks!
Jessica casts a spell.
Jessica blinks!
Your Axes skill increases to level 3!
You have reached level 3!
Your experience leads to an increase in your attributes!
Increase (S)trength, (I)ntelligence, or (D)exterity?
You feel stronger. x2
You feel a strong urge to attack something.
You feel your anger nearly subside.
You are no longer berserk.
You are exhausted.
You feel yourself slow down.
Jessica gestures wildly while chanting.
Jessica seems to speed up.
Jessica mumbles some strange words.
Jessica blinks!
You see here a scroll labelled VYVOUXERCHIU.
Jessica gestures wildly while chanting.
Jessica blinks!
You see here a scroll labelled VYVOUXERCHIU.
d - a scroll labelled VYVOUXERCHIU
Okay, then.
As you read the scroll labelled VYVOUXERCHIU, it crumbles to dust.
It is a scroll of identify.
You don't have any unidentified items.
Okay, then.
You hit Jessica but do no damage.
Jessica is severely wounded.
Jessica hits you with a +0 club. x2
* * * LOW HITPOINT WARNING * * *
Jessica hits you with a +0 club.
You die...

# ######### #
#.......# ##########
#.......###.......##
#.......#...........
#.......#.#.......##
#..@....#.#.......#
#..@....#.#.......#
#...?.......†..#
#............†.###
#.................#
#.................#
#..............:..#
#.......#.####......
#########.# ####$.


You could see Jessica (fast).

Vanquished Creatures
  2 adders (D:2)
  A worm (D:2)
  A bat (D:2)
  A hobgoblin (D:2)
  3 jackals (D:2)
  A quokka (D:2)
9 creatures vanquished.

Notes
Turn   | Place    | Note
-------+----------+-------------------------------------------
     0 | D:1      | hilljack the Gargoyle Berserker began the quest for the
                  | Orb.
     0 | D:1      | Reached XP level 1. HP: 14/14 MP: 1/1
    92 | D:1      | You fall into a shaft and drop 1 floor!
   122 | D:2      | Reached XP level 2. HP: 13/19 MP: 2/2
   595 | D:2      | Noticed Jessica
   615 | D:2      | Reached XP level 3. HP: 14/24 MP: 3/3
   627 | D:2      | Slain by Jessica

Illustrated notes

Levels and vault maps discovered:
D:1:      nagdon_arrival_double_spiral, layout_basic
D:2:      layout_basic, uniq_jessica

Skill      XL: |  1  2 |
---------------+-------+-----
Axes           | 3 |  3.0
Fighting       | |  3.7
Armour         | |  2.7
Dodging        | |  1.9

Action                   || total
-------------------------++-------
Melee: Hand axe          ||    48
       Punch             ||     1
Invok: Berserk           ||     3
  Use: Scroll            ||     1
 Stab: Sleeping          ||     1
Armor: Animal skin       ||     6
Dodge: Dodged            ||    48
